 Dungeon Crawl Stone Soup version 0.31-a0-187-gba352fbbf7 (webtiles) character file.

Game seed: 17795345167019931629

45 qw the Shooter (level 3, -7/20 HPs)
             Began as a Deep Elf Hunter on June 22, 2023.
             Mangled by a worm (8 damage)
             ... on level 3 of the Dungeon.
             The game lasted 00:00:33 (1464 turns).

qw the Shooter (Deep Elf Hunter)                    Turns: 1464, Time: 00:00:33

Health: -7/20      AC:  5    Str: 10    XL:     3   Next: 42%
Magic:  5/5        EV: 11    Int: 13    God:
Gold:   87         SH:  0    Dex: 18    Spells: 2/2 levels left

rFire   . . .        Y - +0 shortbow
rCold   . . .        (shield currently unavailable)
rNeg    . . .        i - +1 ring mail
rPois   .            (no helmet)
rElec   .            j - -2 cloak "Nuqysis" {-Cast Fly Will+}
rCorr   .            (no gloves)
SInv    .            (no boots)
Will    +....        (no amulet)
Stlth   +            (no ring)
HPRegen 0.23/turn    (no ring)
MPRegen 0.09/turn

%: no spellcasting
@: about to teleport, flying
A: no striking features
a: no special abilities


You were on level 3 of the Dungeon.
You visited 1 branch of the dungeon, and saw 3 of its levels.

You collected 87 gold pieces.


   Skills:
 - Level 1.5 Fighting
 + Level 7.0 Ranged Weapons
 - Level 2.4 Dodging
 - Level 1.2 Stealth


You had 2 spell levels left.
You didn't know any spells.
Your spell library was empty.

Inventory:

Hand Weapons
 Y - a +0 shortbow (weapon)
Armour
 i - a +1 ring mail (worn)
 j - the -2 cloak "Nuqysis" (worn) {-Cast Fly Will+}
   (You acquired it on level 2 of the Dungeon)

   Fly:       It grants you flight.
   -Cast:     It prevents spellcasting.
   Will:      It increases your willpower.
Jewellery
 a - a ring of wizardry
Scrolls
 b - a scroll of teleportation
 e - a scroll of identify
Potions
 c - a potion of mutation
 f - a potion of heal wounds
 g - a potion of brilliance {unknown}
 h - a potion of haste {unknown}

Dungeon Overview and Level Annotations

Branches:
Dungeon (3/15)

Altars:


Message History

You see here a +0 short sword.
Found a hand axe.
Found a stone staircase leading down.
There is a stone staircase leading down here.
A worm and a goblin come into view.
The goblin shouts!
The goblin unwields a +0 club.
The goblin wields a +0 sling.
The goblin shoots a sling bullet.
The sling bullet closely misses you.
An endoplasm comes into view.
You shoot an arrow.
The arrow hits the worm but does no damage.
You shoot an arrow. The arrow barely misses the worm.
You shoot an arrow. The arrow barely misses the worm.
You shoot an arrow. The arrow hits the worm.
The worm is lightly wounded.
The worm bites you!
You shoot an arrow.
The arrow hits the worm but does no damage.
The worm is lightly wounded.
You shoot an arrow.
The arrow hits the worm but does no damage.
The worm is lightly wounded.
The endoplasm closely misses you. The worm bites you but does no damage.
You shoot an arrow.
The arrow hits the worm but does no damage.
The worm is lightly wounded.
The endoplasm misses you. The worm bites you.
You shoot an arrow. The arrow hits the worm.
The worm is moderately wounded.
The endoplasm jiggles.
The endoplasm closely misses you.
You shoot an arrow. The arrow hits the worm.
The worm is heavily wounded.
The endoplasm hits you but does no damage.
The worm bites you! The endoplasm barely misses you.
1464 ||| READING 2 scrolls of teleportation.
As you read the scroll of teleportation, it crumbles to dust.
You feel strangely unstable. The worm bites you!
You die...

####### ....... .......
......w####### #.##gJ@.....#####
#.#########.....# #.#
#####.####### ##
#####.#########.....>......
.######......<........###.#####..
..<.....###.########### #)####..#
....###..##.###### #......##
..### ##.........## ####..... #.#
####.####...# #...###.


You could see a worm, an endoplasm and a goblin.

Vanquished Creatures
  A dart slug (D:2)
  A ball python (D:3)
  A bat (D:1)
  7 endoplasms
  A giant cockroach (D:2)
  8 hobgoblins
  5 kobolds
  3 quokkas
  6 frilled lizards
  5 rats
38 creatures vanquished.

Notes
Turn   | Place    | Note
-------+----------+-------------------------------------------
     0 | D:1      | qw the Deep Elf Hunter began the quest for the Orb.
     0 | D:1      | Reached XP level 1. HP: 12/12 MP: 3/3
     0 | D:1      | 0 ||| qw: Version: 0.3-a-9-g12657ce
     0 | D:1      | 0 ||| qw: Game counter: 2375
     0 | D:1      | 0 ||| qw: Always use a shield: true
     0 | D:1      | 0 ||| qw: God list: Okawaru
     0 | D:1      | 0 ||| qw: Allow faded altars: false
     0 | D:1      | 0 ||| qw: Do Orc after D:15 true
     0 | D:1      | 0 ||| qw: Do second Lair branch before Depths: true
     0 | D:1      | 0 ||| qw: Lair rune preference: random
     0 | D:1      | 0 ||| qw: Plans: Normal
     0 | D:1      | 0 ||| PLANNING D:1-11
   315 | D:1      | Reached XP level 2. HP: 16/16 MP: 4/4
   321 | D:1      | Reached skill level 6 in Ranged Weapons
   626 | D:1      | 626 ||| UPGRADING to +0 ring mail.
   636 | D:1      | 636 ||| DROPPING +0 leather armour.
   637 | D:1      | 637 ||| READING 2 scrolls labelled ZUEMAI OMURY.
   638 | D:1      | 638 ||| READING scroll of enchant armour.
   638 | D:1      | 638 ||| ENCHANTING +0 ring mail.
   639 | D:1      | 639 ||| READING 2 scrolls labelled LONUBR TUTIO.
   640 | D:1      | 640 ||| DROPPING scroll of butterflies.
   905 | D:2      | Reached XP level 3. HP: 20/20 MP: 5/5
  1224 | D:2      | 1224 ||| READING 3 scrolls labelled SYCHAI SUKEZU.
  1227 | D:2      | 1227 ||| READING scroll labelled YMESYE HITE.
  1227 | D:2      | Identified a scroll of acquirement
  1227 | D:2      | 1227 ||| ACQUIRING -2 cloak "Nuqysis" {-Cast Fly Will+}
  1227 | D:2      | Acquired the -2 cloak "Nuqysis" {-Cast Fly Will+}
  1229 | D:2      | 1229 ||| UPGRADING to -2 cloak "Nuqysis" {-Cast Fly Will+}.
  1234 | D:2      | 1234 ||| DRINKING 2 fuming pink potions.
  1282 | D:2      | 1282 ||| DRINKING 2 glowing amethyst potions.
  1283 | D:2      | 1283 ||| READING 3 scrolls of identify.
  1283 | D:2      | 1283 ||| IDENTIFYING fuming coppery potion
  1284 | D:2      | 1284 ||| READING 2 scrolls of identify.
  1284 | D:2      | 1284 ||| IDENTIFYING orange potion
  1285 | D:2      | 1285 ||| DROPPING potion of lignification.
  1286 | D:2      | 1286 ||| DROPPING potion of attraction.
  1365 | D:3      | Reached skill level 7 in Ranged Weapons
  1463 | D:3      | HP: 1/20 [worm (7)]
  1464 | D:3      | 1464 ||| READING 2 scrolls of teleportation.
  1464 | D:3      | Mangled by a worm

Levels and vault maps discovered:
D:1:      sevenhm_arrival_forest_fort_small_5, layout_loops_ring
D:2:      layout_basic
D:3:      minmay_inner_zag, layout_rooms, minivault_14, serial_bayou_pond_a

Skill      XL: |  1  2  3 |
---------------+----------+-----
Ranged Weapons | 6 7 |  7.0
Fighting       | |  1.5
Dodging        | |  2.4
Stealth        | |  1.2

Action                     || total
---------------------------++-------
   Fire: Shortbow          ||    89
    Use: Scroll            ||     8
         Potion            ||     2
 Armour: Ring mail         ||     6
  Dodge: Dodged            ||    15

Table legend:
 A = Non-vault XP
 B = Vault XP
 C = Vault XP percentage of total XP
 D = Non-vault monster count
 E = Vault monster count
 F = Vault count percentage of total count
                 A         B        C        D         E       F
            +---------+---------+-------+---------+---------+-------
      Total |      65 |       0 |   0.0 |      38 |       0 |   0.0
            +---------+---------+-------+---------+---------+-------
        D:1 |      25 |       0 |   0.0 |      16 |       0 |   0.0
        D:2 |      33 |       0 |   0.0 |      18 |       0 |   0.0
        D:3 |       7 |       0 |   0.0 |       4 |       0 |   0.0
            +---------+---------+-------+---------+---------+-------
